 Dungeon Crawl Stone Soup version 0.31-a0-175-g9f7f995f2b (webtiles) character file.

Game seed: 7370661248567134471

627 qw the Shooter (level 7, 0/43 HPs)
             Began as a Gargoyle Hunter on June 16, 2023.
             Slain by a wraith (9 damage)
             ... on level 5 of the Dungeon.
             The game lasted 00:01:45 (4097 turns).

qw the Shooter (Gargoyle Hunter)                    Turns: 4097, Time: 00:01:46

Health: 0/43       AC: 12    Str: 14    XL:     7   Next: 48%
Magic:  7/7        EV: 12    Int: 14    God:
Gold:   269        SH:  0    Dex: 15    Spells: 6/6 levels left

rFire   + + .        Y - +0 shortbow
rCold   . . .        (shield currently unavailable)
rNeg    + . .        n - +0 robe of the Thieving Gods {rPois rF++ Int+4}
rPois   inf          c - +0 helmet
rElec   +            g - +2 cloak
rCorr   .            i - +0 pair of gloves
SInv    .            (no boots)
Will    .....        h - amulet of regeneration
Stlth   ++           (no ring)
HPRegen 1.07/turn    (no ring)
MPRegen 0.10/turn

%: no passive effects
@: slowed, very slow
A: sickness immunity, AC +4, negative energy resistance 1, electricity
resistance, torment resistance 1, petrification resistance
a: no special abilities


You were on level 5 of the Dungeon.
You visited 1 branch of the dungeon, and saw 5 of its levels.

You collected 269 gold pieces.


Innate Abilities, Weirdness & Mutations

You are immune to sickness and miasma.
Your stone body is resilient. (AC +4)
You are immune to poison.
You resist negative energy. (rN+)
You are resistant to electric shocks. (rElec)
You are resistant to unholy torment.
You are immune to petrification.


   Skills:
 - Level 4.2 Fighting
 + Level 7.4 Ranged Weapons
 - Level 2.0 Armour
 - Level 2.5 Dodging
 - Level 1.1 Stealth


You had 6 spell levels left.
You didn't know any spells.
Your spell library was empty.

Inventory:

Hand Weapons
 Y - a +0 shortbow (weapon)
Armour
 a - a +0 ring mail
 c - a +0 helmet (worn)
 g - a +2 cloak (worn)
 i - a +0 pair of gloves (worn)
 n - the +0 robe of the Thieving Gods (worn) {rPois rF++ Int+4}
   (You found it on level 4 of the Dungeon)

   Int:       It affects your intelligence (+4).
   rF:        It greatly protects you from fire.
   rPois:     It protects you from poison.
Jewellery
 h - an amulet of regeneration (around neck)
Scrolls
 b - a scroll of identify
 d - a scroll of noise {unknown}
 j - 2 scrolls of enchant weapon {unknown}
 q - a scroll of torment {unknown}
Potions
 e - a potion of cancellation
 f - a potion of magic {unknown}
 l - a potion of attraction
 m - 2 potions of resistance {unknown}
 o - 2 potions of enlightenment {unknown}
 p - a potion of lignification {unknown}

Dungeon Overview and Level Annotations

Branches:
Dungeon (5/15)
 Temple: D:4-7

Altars:
Dithmenos
Hepliaklqana
Nemelex Xobeh
Ru
Sif Muna
Wu Jian


Message History

The wraith is heavily damaged.
The wraith hits you.
You shoot an arrow. The arrow hits the wraith.
The wraith is severely damaged.
The wraith hits you! The wraith drains your vigour!
You feel as though you will be slow longer.
The wraith hits you! The wraith drains your vigour!
You feel as though you will be slow longer.
You shoot an arrow.
The arrow hits the wraith but does no damage.
The wraith is heavily damaged.
The wraith barely misses you.
You shoot an arrow.
The arrow hits the wraith but does no damage.
The wraith is heavily damaged.
The wraith hits you. The wraith drains your vigour!
You feel as though you will be slow longer.
The wraith hits you but does no damage.
You shoot an arrow.
The arrow hits the wraith but does no damage.
The wraith is heavily damaged.
The wraith hits you! The wraith drains your vigour!
You feel as though you will be slow longer.
You shoot an arrow.
The arrow hits the wraith but does no damage.
The wraith is heavily damaged.
The wraith closely misses you. The wraith barely misses you.
You shoot an arrow. The arrow hits the wraith.
The wraith is heavily damaged.
The wraith hits you but does no damage. The wraith closely misses you.
You shoot an arrow. The arrow hits the wraith.
The wraith is severely damaged.
The wraith barely misses you.
You shoot an arrow.
The arrow hits the wraith but does no damage.
The wraith is severely damaged.
The wraith hits you. The wraith drains your vigour!
You feel as though you will be slow longer.
The wraith hits you!
You die...

##### #...### ######
########.#...####
###....##########.#.#.#..###.....
..#....#.......#@..#.###.# ######
..#....#.......#W####.#..# #
..#....#.......#{. #.###.# #
..#..:.#.......#.#$##.#..# #
.)#)...#.......#.#####.#.# #
..)....#.......#.# ###.# #
###....'.......#.. ..# #
.......#.......##. .### #
.......#........#########.# #


You could see a wraith.

Vanquished Creatures
  An ice beast (D:5)
  An ogre (D:5)
  A scorpion (D:4)
  A jelly (D:5)
  A hound (D:4)
  An orc priest (D:5)
  Natasha (thrice) (D:3)
  An orc wizard (D:5)
  Robin (D:4)
  3 gnolls (D:5)
  3 adders
  A shadow imp (D:5)
  A worm (D:2)
  A dart slug (D:1)
  13 orcs (D:5)
  3 ball pythons
  6 endoplasms
  5 giant cockroaches
  22 goblins
  13 hobgoblins
  8 jackals
  3 quokkas
  3 bats (D:1)
  3 frilled lizards
  4 kobolds
  5 rats
108 creatures vanquished.

Notes
Turn   | Place    | Note
-------+----------+-------------------------------------------
     0 | D:1      | qw the Gargoyle Hunter began the quest for the Orb.
     0 | D:1      | Reached XP level 1. HP: 12/12 MP: 1/1
     0 | D:1      | 0 ||| qw: Version: 0.2-a-29-g511e9b1
     0 | D:1      | 0 ||| qw: Game counter: 5787
     0 | D:1      | 0 ||| qw: Always use a shield: true
     0 | D:1      | 0 ||| qw: God list: Okawaru
     0 | D:1      | 0 ||| qw: Allow faded altars: false
     0 | D:1      | 0 ||| qw: Do Orc after D:15 true
     0 | D:1      | 0 ||| qw: Do second Lair branch before Depths: true
     0 | D:1      | 0 ||| qw: Lair rune preference: random
     0 | D:1      | 0 ||| qw: Plans: Normal, Zot:1-4, Slime:5, God:TSO, Crypt,
                  | Tomb, Abyss, Pan, Hells, Win
     0 | D:1      | 0 ||| PLANNING D:1-11
   111 | D:1      | 111 ||| FLEEEEING.
   112 | D:1      | 112 ||| FLEEEEING.
   113 | D:1      | 113 ||| FLEEEEING.
   122 | D:1      | Reached XP level 2. HP: 17/17 MP: 2/2
   184 | D:1      | 184 ||| FLEEEEING.
   185 | D:1      | 185 ||| FLEEEEING.
   541 | D:1      | Reached XP level 3. HP: 21/21 MP: 3/3
   741 | D:1      | Reached skill level 5 in Ranged Weapons
   762 | D:1      | 762 ||| UPGRADING to +0 pair of gloves.
   767 | D:1      | 767 ||| UPGRADING to amulet of regeneration.
   772 | D:1      | 772 ||| DROPPING amulet of the acrobat.
   773 | D:1      | 773 ||| READING scroll labelled SEYCLU UKLUO.
   774 | D:1      | 774 ||| DRINKING 2 cyan potions.
   775 | D:1      | 775 ||| DROPPING scroll of butterflies.
   776 | D:1      | 776 ||| DROPPING potion of degeneration.
  1049 | D:2      | Reached skill level 3 in Fighting
  1536 | D:2      | Found a faded altar of an unknown god.
  1575 | D:2      | Reached XP level 4. HP: 28/28 MP: 4/4
  1657 | D:2      | 1657 ||| UPGRADING to +0 ring mail.
  1667 | D:2      | 1667 ||| DROPPING +0 leather armour.
  1668 | D:2      | 1668 ||| UPGRADING to +2 cloak.
  1673 | D:2      | 1673 ||| READING 2 scrolls labelled DAVIOH BUCZUSS.
  1674 | D:2      | 1674 ||| READING scroll labelled IGOTUT URCHUL.
  1791 | D:3      | Found a shadowy altar of Dithmenos.
  1889 | D:3      | Noticed Natasha
  1900 | D:3      | Killed Natasha
  2025 | D:3      | Found an ornate altar of the Wu Jian Council.
  2035 | D:3      | Noticed Natasha
  2041 | D:3      | Killed Natasha
  2042 | D:3      | Reached XP level 5. HP: 30/32 MP: 5/5
  2179 | D:3      | Identified the +11 dagger of Wyrd {holy, rC+}
  2250 | D:3      | Noticed Natasha
  2255 | D:3      | Killed Natasha
  2259 | D:3      | 2259 ||| READING scroll labelled DUOWUSTRYSMU.
  2260 | D:3      | 2260 ||| READING scroll labelled RIETIRCHYMA.
  2261 | D:3      | 2261 ||| READING scroll labelled LUNIEL ACI.
  2362 | D:3      | 2362 ||| DRINKING 2 orange potions.
  2413 | D:4      | Reached skill level 6 in Ranged Weapons
  2414 | D:4      | Found a sparkling altar of Nemelex Xobeh.
  2523 | D:4      | Noticed Robin
  2538 | D:4      | Killed Robin
  2581 | D:4      | Reached XP level 6. HP: 34/38 MP: 6/6
  2628 | D:4      | Identified the +0 robe of the Thieving Gods {rPois rF++
                  | Int+4}
  3178 | D:4      | 3178 ||| UPGRADING to +0 helmet.
  3183 | D:4      | 3183 ||| UPGRADING to +0 robe of the Thieving Gods {rPois
                  | rF++ Int+4}.
  3193 | D:4      | 3193 ||| READING scroll labelled PAEWIBB GODIOL.
  3194 | D:4      | 3194 ||| DRINKING 2 sapphire potions.
  3195 | D:4      | 3195 ||| READING 2 scrolls of identify.
  3195 | D:4      | 3195 ||| IDENTIFYING puce potion
  3219 | D:5      | Entered Level 5 of the Dungeon
  3254 | D:5      | Noticed an ice beast
  3272 | D:5      | Killed an ice beast
  3302 | D:5      | Found a hazy altar of Hepliaklqana.
  3591 | D:5      | 3591 ||| Stepping ~*~*~tactically~*~*~ (outnumbered).
  3593 | D:5      | 3593 ||| Stepping ~*~*~tactically~*~*~ (outnumbered).
  3611 | D:5      | Reached skill level 7 in Ranged Weapons
  3615 | D:5      | HP: 9/38 [gnoll/+0 halberd (3)]
  3616 | D:5      | 3616 ||| READING scroll of teleportation.
  3617 | D:5      | 3617 ||| DRINKING potion of heal wounds.
  3619 | D:5      | Reached XP level 7. HP: 43/43 MP: 7/7
  3708 | D:5      | Found a sacrificial altar of Ru.
  3711 | D:5      | 3711 ||| Stepping ~*~*~tactically~*~*~ (outnumbered).
  3713 | D:5      | 3713 ||| Stepping ~*~*~tactically~*~*~ (outnumbered).
  3715 | D:5      | 3715 ||| Stepping ~*~*~tactically~*~*~ (outnumbered).
  3798 | D:5      | Found a shimmering blue altar of Sif Muna.
  4064 | D:5      | Noticed a wraith
  4093 | D:5      | HP: 8/43 [wraith (7)]
  4097 | D:5      | Slain by a wraith

Levels and vault maps discovered:
D:1:      sevenhm_arrival_forest_fort_small_5, layout_basic
D:2:      layout_loops_corners, shapermc_ecumenical_altar_ellora,
          chequers_serial_rivers_large_b
D:3:      layout_basic, mainiacjoe_overflow_paths, grunt_dithmenos_smoke,
          uniq_natasha
D:4:      cheibrodos_greedy_goblins, layout_loops_ring,
          nemelex_xobeh_ov_fountains_minmay, patterned_corridor, uniq_robin
D:5:      layout_gridville, lemuel_doored_altar,
          chequers_temple_overflow_statue_of_worship, minmay_small_thing

Skill      XL: |  1  2  3  4  5  6  7 |
---------------+----------------------+-----
Ranged Weapons | 5 6 7 |  7.4
Fighting       | 3 4 |  4.2
Armour         | 2 |  2.0
Dodging        | 2 |  2.5
Stealth        | |  1.1

Action                     |  1- 3 |  4- 6 |  7- 9 || total
---------------------------+-------+-------+-------++-------
   Fire: Shortbow          |   154 |   236 |    79 ||   469
    Use: Scroll            |     1 |     8 |       ||     9
         Potion            |     1 |     3 |       ||     4
 Armour: Leather armour    |    36 |       |       ||    36
         Ring mail         |       |    91 |       ||    91
         Robe              |       |    23 |    17 ||    40
  Dodge: Dodged            |    45 |   130 |    23 ||   198

Table legend:
 A = Non-vault XP
 B = Vault XP
 C = Vault XP percentage of total XP
 D = Non-vault monster count
 E = Vault monster count
 F = Vault count percentage of total count
                 A         B        C        D         E       F
            +---------+---------+-------+---------+---------+-------
      Total |     809 |      88 |   9.8 |      86 |      22 |  20.4
            +---------+---------+-------+---------+---------+-------
        D:1 |      40 |       0 |   0.0 |      24 |       0 |   0.0
        D:2 |      43 |       0 |   0.0 |      15 |       0 |   0.0
        D:3 |      88 |      36 |  29.0 |      12 |       1 |   7.7
        D:4 |     152 |      52 |  25.5 |      10 |      21 |  67.7
        D:5 |     486 |       0 |   0.0 |      25 |       0 |   0.0
            +---------+---------+-------+---------+---------+-------
